 Dungeon Crawl Stone Soup version 0.27-a0-1359-ga2a4dfd6fd (webtiles) character file.

Game seed: 14921171896642256996

34686 Brandom the Brawler (level 13, -14/137 HPs)
             Began as a Troll Delver on June 28, 2021.
             Was a High Priest of Wu Jian.
             Demolished by Rupert (29 damage)
             ... on level 13 of the Dungeon.
             The game lasted 01:16:23 (13283 turns).

Brandom the Brawler (Troll Delver)                 Turns: 13283, Time: 01:16:24

Health: -14/137    AC: 16    Str: 26      XL:     13   Next: 43%
Magic:  12/12      EV:  9    Int:  5 (6)  God:    Wu Jian [*****.]
Gold:   644        SH:  0    Dex: 12      Spells: 12/12 levels left

rFire    + . .     SeeInvis .     - Unarmed
rCold    . . .     Faith    .   (no shield)
rNeg     . . .     Spirit   .   b - +0 shadow dragon scales
rPois    .         Reflect  .   (helmet restricted)
rElec    +         Harm     .   N - scarf {repulsion}
rCorr    .         Rampage  .   (gloves unavailable)
Will     .....                  (boots unavailable)
Stlth    +++.......             (no amulet)
HPRegen  1.32/turn              a - ring of protection from fire
MPRegen  0.13/turn              Q - +4 ring of slaying

@: studying Throwing, repel missiles, serpent's lash
A: large, unfitting armour, claws 3, regeneration 1, shaggy fur 1, tough skin 1,
talons 2, iridescent scales 1, electricity resistance
a: Renounce Religion, Wall Jump, Serpent's Lash, Heavenly Storm


You were on level 13 of the Dungeon.
You worshipped Wu Jian.
Wu Jian was extremely pleased with you.
You visited 2 branches of the dungeon, and saw 14 of its levels.
You also visited: Sewer, Ossuary and Bailey.

You collected 704 gold pieces.
You spent 60 gold pieces at shops.

Inventory:

Missiles
 k - 26 poisoned darts
 l - 2 curare-tipped darts {!f}
 C - 2 throwing nets {!f}
 E - a boomerang of dispersal {!f}
 J - 6 atropa-tipped darts
 Y - 19 large rocks (quivered)
Armour
 b - +0 shadow dragon scales (worn)
   (You found it on level 12 of the Dungeon)
 n - +0 steam dragon scales
   (You found it on level 8 of the Dungeon)
 w - +0 acid dragon scales
   (You took it off Maggie on level 7 of the Dungeon)
 N - a scarf of repulsion (worn)
   (You acquired it on level 11 of the Dungeon)
 S - a +0 cloak of stealth
   (You took it off Maurice on level 10 of the Dungeon)
Jewellery
 a - a ring of protection from fire (left claw)
   (You took it off a kobold on level 10 of the Dungeon)
 z - a +4 ring of protection
   (You found it on level 5 of the Dungeon)
 B - a +4 ring of evasion
   (You found it on level 6 of the Dungeon)
 F - an amulet of faith {!P}
   (You found it on level 6 of the Dungeon)
 I - a ring of willpower
   (You found it in an ossuary)
 L - a +6 ring of dexterity
   (You found it in an ossuary)
 M - a ring of willpower
   (You found it in an ossuary)
 Q - a +4 ring of slaying (right claw)
   (You found it on level 4 of the Dungeon)
Wands
 d - a wand of iceblast (13)
   (You found it on level 8 of the Dungeon)
 t - a wand of flame (28)
   (You found it on level 10 of the Dungeon)
 u - a wand of paralysis (12)
   (You found it on level 7 of the Dungeon)
 v - a wand of digging (3)
 x - a wand of acid (12)
   (You found it on level 8 of the Dungeon)
 D - a wand of charming (10)
   (You found it on level 6 of the Dungeon)
 T - a wand of mindburst (8)
   (You found it on level 10 of the Dungeon)
Scrolls
 c - 5 scrolls of identify {@r1}
 m - 3 scrolls of brand weapon
 p - 3 scrolls of teleportation {@r4}
 r - 3 scrolls of immolation {!r}
 y - 3 scrolls of enchant weapon
 G - 2 scrolls of enchant armour
 O - 2 scrolls of fear
 P - a scroll of holy word
 W - 4 scrolls of noise {!r}
Potions
 f - 3 potions of flight
 g - 3 potions of heal wounds {@q2}
 h - 6 potions of brilliance
 i - 7 potions of curing {@q1}
 j - 3 potions of might
 o - a potion of attraction {!q}
 s - 3 potions of resistance
 H - 4 potions of haste {@q3}
 U - a potion of degeneration {!q}
 V - a potion of mutation {!q}
 X - a potion of magic


   Skills:
 * Level 11.1 Fighting
 + Level 8.9 Throwing
 + Level 4.5 Armour
 + Level 7.7 Dodging
 - Level 2.7 Stealth
 * Level 15.4 Unarmed Combat
 + Level 4.4 Evocations


You had 12 spell levels left.
You didn't know any spells.
Your spell library contained the following spells:

 Spells                   Type           Power      Damage    Failure   Level
 Corona                   Hex            0%         N/A       97%         1
 Sandblast                Erth           0%         2d4       97%         1
 Ensorcelled Hibernation  Hex/Ice        0%         N/A       99%         2
 Passwall                 Tmut/Erth      0%         N/A       99%         2
 Poisonous Vapours        Pois/Air       0%         N/A       99%         2
 Confusing Touch          Hex            0%         N/A       100%        3
 Conjure Flame            Conj/Fire      0%         6-21      100%        3
 Dazzling Flash           Conj/Hex       0%         N/A       100%        3
 Mephitic Cloud           Conj/Pois/Air  0%         N/A       100%        3
 Stone Arrow              Conj/Erth      0%         3d7       100%        3
 Tukima's Dance           Hex            0%         N/A       100%        3
 Petrify                  Tmut/Erth      0%         N/A       100%        4
 Freezing Cloud           Conj/Ice/Air   0%         6-21      100%        5
 Lee's Rapid Deconstruct  Erth           0%         3d5*      100%        5


Dungeon Overview and Level Annotations

Branches:
Dungeon (13/15) Temple (1/1) D:4 Lair (0/6) D:10 Orc (0/2) D:12 Vaults (0/5) D:12 D:13 Sewer (visited) Ossuary (visited) Bailey (visited)

Altars:
Ashenzari
Cheibriados
Dithmenos
Elyvilon
Fedhas
Gozag
Hepliaklqana
Kikubaaqudgha
Makhleb
Nemelex Xobeh
Okawaru
Qazlal
Ru
Sif Muna
Trog
Uskayaw
Vehumet
Wu Jian
Xom
Yredelemnul
Zin
The Shining One

Shops:
D:8 *

Annotations:
D:13 1 runed translucent door, exclusion: 4 orange crystal statues, Rupert


Innate Abilities, Weirdness & Mutations

You are too large for most types of armour.
You have claws for hands.
Your natural rate of healing is unusually fast.
You are covered in fur. (AC +1)
You have tough skin. (AC +1)
You have razor-sharp toenails.
You are partially covered in iridescent scales. (AC +2)
You are resistant to electric shocks. (rElec)


Message History

There is an open door here.
There is an open door here.
There is an open door here.
There is an open door here.
Rupert is nearby!
Unknown command.
Throw: 23 large rocks
Aim: Rupert, wielding a +1 great mace of holy wrath and wearing a +0 scale mail (wandering, hasn't noticed you, 73% to hit)
You throw a large rock. The large rock closely misses Rupert.
Rupert shouts!
Throw: 22 large rocks
Aim: Rupert, wielding a +1 great mace of holy wrath and wearing a +0 scale mail (73% to hit)
You throw a large rock. The large rock barely misses Rupert.
Throw: 21 large rocks
Aim: Rupert, wielding a +1 great mace of holy wrath and wearing a +0 scale mail (73% to hit)
You throw a large rock. The large rock closely misses Rupert.
Rupert yells loudly at you.
You struggle to resist.
There is an open door here.
Throw: 20 large rocks
Aim: Rupert, wielding a +1 great mace of holy wrath and wearing a +0 scale mail (73% to hit)
You throw a large rock. The large rock hits Rupert.
You barely miss Rupert. Your kick misses Rupert.
Rupert asks, "You're a monster, aren't you?"
Rupert barely misses you.
You mangle Rupert!! You claw Rupert, but do no damage. You claw Rupert!
Rupert roars madly and goes into a rage!
Rupert goes berserk!
You repeatedly attack Rupert from above.
You barely miss Rupert. You mangle Rupert!! Your kick misses Rupert.
You mangle Rupert!! You claw Rupert!
Rupert hits you with a +1 great mace of holy wrath!! x2
Rupert hits you with a +1 great mace of holy wrath!
* * * LOW HITPOINT WARNING * * *
Your muscles tense, ready for explosive movement...
You scratch Rupert. Rupert hits you but does no damage.
You barely miss Rupert. Your kick misses Rupert. Rupert closely misses you.
You scratch Rupert.
Rupert hits you with a +1 great mace of holy wrath!!
* * * LOW HITPOINT WARNING * * *
Rupert hits you with a +1 great mace of holy wrath!
* * * LOW HITPOINT WARNING * * *
You mangle Rupert!! You claw Rupert.
Rupert hits you with a +1 great mace of holy wrath!!
* * * LOW HITPOINT WARNING * * *
Aim: Rupert, wielding a +1 great mace of holy wrath and wearing a +0 scale mail (almost dead, berserk, 77% to hit)
The bolt of acid hits Rupert!
Rupert is splashed with acid.
The acid corrodes Rupert!
Rupert hits you with a +1 great mace of holy wrath!!
You die...

.... ####..#. .....#
#.....## ## .....#
#.##.... ... ...#
#....... ...# ..#
#....... .(... ..#
#....... ..(..####.#
#....... ....(...#.#
#.......
.....(.@@.#######....<>.
........#............∩<.
...######.##'##.........
. ......#...#.........
.....#...#.........
#......#...#.........
#......'...#.........
#####..#...#....#####
#..#...#^...#####


You could see Rupert (berserk, corroded).

Vanquished Creatures
  The ghost of senseless the Impaler, a journeyman MfGl (D:8)
  A hydra (D:11)
  Erolcha (D:10)
  2 boulder beetles (D:11)
  A catoblepas (D:11)
  A death knight (D:13)
  3 centaur warriors
  5 two-headed ogres
  2 ugly things
  2 orc knights
  7 cyclopes
  A manticore (D:12)
  Maurice (D:10)
  Maggie (D:7)
  4 molten gargoyles (D:12)
  2 unseen horrors
  2 gargoyles
  3 kobold demonologists
  Psyche (D:11)
  A troll (D:13)
  A queen bee (D:11)
  8 meliai
  Grinder (D:5)
  7 slime creatures
  A shadow (D:11)
  2 wraiths
  16 humans
  A yak (shapeshifter) (D:11)
  The ghost of kae the Chopper, an amateur HOFi (D:4)
  Sigmund (D:5)
  3 basilisks
  8 yaks
  2 steam dragons
  4 vampire mosquitoes
  Menkaure (D:6)
  2 acid dragons
  4 ice beasts
  6 orc warriors
  A necrophage (D:6)
  2 ogres
  A boggart (D:11)
  7 centaurs
  A phantom (D:4)
  A kobold brigand (D:11)
  4 bullfrogs
  A water moccasin zombie (D:6)
  13 scorpions
  26 killer bees
  3 wights (D:7)
  3 howler monkeys
  A crimson imp (D:10)
  A lava snake (D:12)
  6 centaur zombies
  6 orc priests
  A gnoll shaman (D:8)
  2 bullfrog skeletons
  A centaur skeleton (D:7)
  2 human zombies (Ossuary)
  5 scorpion zombies (Ossuary)
  4 iguanas
  13 orc wizards
  A killer bee zombie (D:8)
  4 mummies
  A howler monkey zombie (D:9)
  11 gnolls
  6 adders
  A white imp (D:7)
  An ufetubus (D:6)
  2 adder skeletons
  3 worms
  2 dart slugs (D:4)
  49 orcs
  15 ball pythons
  7 bats
  5 endoplasms
  13 giant cockroaches
  4 goblins
  7 hobgoblins
  17 jackals
  22 kobolds
  2 quokkas
  6 frilled lizards
  A gnoll zombie (Ossuary)
  3 goblin zombies (Ossuary)
  2 hobgoblin zombies (Ossuary)
  A kobold zombie (Ossuary)
  3 orc zombies (Ossuary)
  7 rats
412 creatures vanquished.

Vanquished Creatures (others)
  A howler monkey (D:10)
  33 plants (D:3)
34 creatures vanquished.

Grand Total: 446 creatures vanquished

Notes
Turn   | Place    | Note
-------+----------+-------------------------------------------
     0 | D:5      | Brandom the Troll Delver began the quest for the Orb.
     0 | D:5      | Reached XP level 1. HP: 22/22 MP: 0/0
    15 | D:5      | Noticed an ogre
   149 | D:3      | Found a glowing drain.
   159 | D:3      | Reached XP level 2. HP: 29/29 MP: 1/1
   162 | Sewer    | Entered a sewer
   434 | Sewer    | Reached XP level 3. HP: 33/36 MP: 2/2
   593 | D:2      | Reached skill level 3 in Unarmed Combat
   711 | D:2      | Reached XP level 4. HP: 45/45 MP: 3/3
  2371 | D:3      | Reached XP level 5. HP: 43/53 MP: 4/4
  2478 | D:3      | Found a sacrificial altar of Ru.
  2478 | D:3      | Found a bloodstained altar of Trog.
  2777 | D:4      | Gained mutation: You have sharp toenails. [potion of
                  | mutation]
  2777 | D:4      | Gained mutation: You have razor-sharp toenails. [potion of
                  | mutation]
  2777 | D:4      | Gained mutation: You are resistant to electric shocks.
                  | (rElec) [potion of mutation]
  2777 | D:4      | Gained mutation: You are partially covered in iridescent
                  | scales. (AC +2) [potion of mutation]
  2811 | D:4      | Reached skill level 4 in Unarmed Combat
  2874 | D:4      | Noticed an ogre
  2895 | D:4      | Killed an ogre
  2896 | D:4      | Reached XP level 6. HP: 41/62 MP: 5/5
  3008 | D:4      | Noticed kae's ghost (amateur HOFi)
  3012 | D:4      | Found a runed translucent door.
  3046 | D:4      | Killed kae's ghost
  3047 | D:4      | Reached skill level 5 in Unarmed Combat
  3069 | D:4      | Reached XP level 7. HP: 71/71 MP: 6/6
  3218 | D:4      | Found a staircase to the Ecumenical Temple.
  3235 | Temple   | Entered the Ecumenical Temple
  3336 | Temple   | Became a worshipper of the Wu Jian Council
  3655 | D:5      | Reached skill level 5 in Fighting
  3776 | D:5      | Noticed Sigmund
  3933 | D:5      | Reached skill level 1 in Throwing
  3988 | D:5      | Reached skill level 6 in Unarmed Combat
  4006 | D:5      | Noticed Grinder
  4172 | D:5      | Killed Grinder
  4173 | D:5      | Reached XP level 8. HP: 76/81 MP: 7/7
  4371 | D:5      | Killed Sigmund
  4553 | D:6      | Noticed Menkaure
  4556 | D:6      | Killed Menkaure
  4557 | D:6      | Reached skill level 7 in Unarmed Combat
  4728 | D:6      | Reached * piety under Wu Jian
  4990 | D:6      | Reached XP level 9. HP: 78/92 MP: 8/8
  5303 | D:7      | Noticed Maggie
  5313 | D:7      | Killed Maggie
  5384 | D:7      | Found a sand-covered staircase.
  5390 | Ossuary  | Entered an ossuary
  5560 | Ossuary  | Reached skill level 8 in Unarmed Combat
  5617 | Ossuary  | Reached ** piety under Wu Jian
  5819 | D:7      | Found a sparkling altar of Nemelex Xobeh.
  5819 | D:7      | Found a shimmering altar of Xom.
  5937 | D:7      | Reached skill level 5 in Dodging
  5981 | D:7      | Noticed a purple ugly thing
  5991 | D:7      | Killed a purple ugly thing
  5992 | D:7      | Reached skill level 9 in Unarmed Combat
  5992 | D:7      | Reached XP level 10. HP: 104/104 MP: 9/9
  6234 | D:8      | Identified a scroll of acquirement
  6235 | D:8      | Acquired a manual of Unarmed Combat
  6353 | D:8      | Found Pubankao's General Store.
  6362 | D:8      | Bought a potion of heal wounds for 60 gold pieces
  6598 | D:8      | Found a transporter.
  6633 | D:8      | Noticed senseless's ghost (journeyman MfGl)
  6638 | D:8      | Found a transporter.
  6690 | D:8      | Killed senseless's ghost
  6691 | D:8      | Reached skill level 1 in Armour
  6753 | D:8      | Reached skill level 10 in Unarmed Combat
  7380 | D:9      | Noticed a two-headed ogre
  7388 | D:8      | Killed a two-headed ogre
  7388 | D:8      | Reached *** piety under Wu Jian
  7390 | D:8      | Reached skill level 5 in Throwing
  7813 | D:10     | Entered Level 10 of the Dungeon
  7991 | D:10     | Noticed Maurice
  8004 | D:10     | Killed Maurice
  8063 | D:10     | Reached skill level 11 in Unarmed Combat
  8069 | D:10     | Found a staircase to the Lair.
  8094 | D:10     | Noticed Erolcha
  8100 | D:10     | Killed Erolcha
  8101 | D:10     | Reached XP level 11. HP: 92/113 MP: 10/10
  8186 | D:10     | Reached skill level 1 in Evocations
  8543 | D:11     | Noticed a two-headed ogre
  8548 | D:11     | Killed a two-headed ogre
  8554 | D:11     | Found a flagged portal.
  8562 | D:11     | Acquired a scarf of repulsion
  8575 | Bailey   | Entered a bailey
  8577 | Bailey   | Noticed an orc knight
  8578 | Bailey   | Noticed an orc knight
  8734 | D:11     | Reached skill level 12 in Unarmed Combat
  8876 | D:11     | Reached **** piety under Wu Jian
  9362 | D:11     | Noticed Psyche
  9416 | D:11     | Killed Psyche
  9454 | D:11     | Noticed a five-headed hydra
  9467 | D:11     | Killed a five-headed hydra
  9490 | D:11     | Noticed a boulder beetle
  9491 | D:11     | Noticed an orc knight
  9513 | D:10     | Acquired a manual of Throwing
  9582 | D:11     | Killed an orc knight
  9583 | D:11     | Reached skill level 13 in Unarmed Combat
  9619 | D:11     | Killed a boulder beetle
  9620 | D:11     | Reached XP level 12. HP: 120/126 MP: 11/11
  9789 | D:11     | Noticed a boulder beetle
  9931 | D:11     | Killed a boulder beetle
  9932 | D:11     | Reached skill level 10 in Fighting
 10023 | D:11     | Noticed a catoblepas
 10043 | D:11     | Killed a catoblepas
 10344 | D:11     | Noticed a centaur warrior
 10357 | D:11     | Killed a centaur warrior
 10388 | D:11     | Noticed a two-headed ogre
 10409 | D:11     | Killed a two-headed ogre
 10416 | D:11     | Reached skill level 14 in Unarmed Combat
 11599 | D:12     | Reached ***** piety under Wu Jian
 11629 | D:12     | Found a staircase to the Orcish Mines.
 11691 | D:12     | Noticed a two-headed ogre
 11699 | D:12     | Killed a two-headed ogre
 11777 | D:12     | Noticed a two-headed ogre
 11783 | D:12     | Killed a two-headed ogre
 11893 | D:12     | Reached XP level 13. HP: 135/135 MP: 12/12
 12353 | D:13     | Found a gate to the Vaults.
 12353 | D:13     | Noticed Rupert
 12394 | D:12     | Reached skill level 15 in Unarmed Combat
 12627 | D:13     | Found a runed translucent door.
 13015 | D:13     | Found a runed translucent door.
 13020 | D:13     | Found the +10 tower shield of Ignorance {rN+ Int-4}
 13283 | D:13     | Demolished by Rupert

Illustrated notes

Levels and vault maps discovered:
D:1:      lightli_molten_gateway, layout_basic, minmay_misc_feat_doors
D:2:      layout_loops_ring, serial_aquarium, aquarium_bridge_straight
          [aquarium_subvault_bridge, aquarium_subvault_window,
          aquarium_subvault_bridge, aquarium_subvault_wall],
          aquarium_bridge_straight [aquarium_subvault_bridge,
          aquarium_subvault_window, aquarium_subvault_bridge,
          aquarium_subvault_window], aquarium_window_fake,
          aquarium_window_corridor_1, aquarium_window_fake, aquarium_view_2c
D:3:      layout_loops_ring, jmf_multi_god_temple, portal_sewer_entry_e,
          kennysheep_boxes
D:4:      layout_loops_ring, temple_fountains, hellmonk_ghost_happy_afterlife
D:5:      layout_gridville, uniq_grinder, uniq_sigmund
D:6:      layout_loops_cross, corner_web_ring, uniq_menkaure
D:7:      layout_cave_pools, gammafunk_temple_overflow_elements,
          gup_ossuary_entry_pyramid, uniq_maggie
D:8:      layout_layer_cave, gammafunk_ghost_arena, serial_shops,
          nicolae_shop_statue_plus, grunt_ministairs_6
D:9:      layout_cave_pools
D:10:     layout_roguey, lair_entry_dummy, hangedman_stone_soup, uniq_maurice,
          uniq_erolcha
D:11:     regret_index_combs_of_tragedy, layout_basic, enter_bailey_2,
          uniq_psyche
D:12:     layout_rooms, hiddenorc1_lemuel, minmay_misc_feat_chi,
          serial_park_tiny_2, minivault_8
D:13:     layout_irregular_city, david_vaults_3, minmay_misc_feat_pillars,
          chequers_guarded_unrand_ignorance
Temple:   hc_temple_tempest_star

Skill      XL: |  1  2  3  4  5  6  7  8  9 10 11 12 13 |
---------------+----------------------------------------+-----
Fighting       | 3 4 5 6 7 8 9 10 11 | 11.1
Dodging        | 2 3 4 5 6 7 |  7.7
Unarmed Combat | 3 4 5 6 7 9 11 13 14 15 | 15.4
Throwing       | 1 2 4 5 6 8 |  8.9
Armour         | 2 3 4 |  4.5
Evocations     | 2 4 |  4.4
Stealth        | |  2.7

Action                   |  1- 3 |  4- 6 |  7- 9 | 10-12 | 13-15 || total
-------------------------+-------+-------+-------+-------+-------++-------
Melee: Unarmed           |   106 |   146 |   219 |   463 |   121 ||  1055
       Punch             |     2 |     3 |     7 |    24 |    11 ||    47
       Kick              |       |    10 |    69 |   153 |    34 ||   266
Throw: Dart              |       |     4 |     1 |     2 |       ||     7
       Throwing net      |       |       |     1 |       |       ||     1
       Boomerang         |       |       |     1 |       |       ||     1
       Large rock        |       |       |       |    22 |    22 ||    44
Invok: Lunge             |       |       |    20 |    38 |    12 ||    70
       Whirlwind         |       |       |    14 |    31 |    32 ||    77
       Serpent's Lash    |       |       |       |       |     2 ||     2
 Abil: Wall Jump         |       |       |       |     1 |     2 ||     3
Evoke: Wand              |       |       |       |     8 |     4 ||    12
  Use: Scroll            |     1 |     8 |     3 |    18 |     1 ||    31
       Potion            |       |     2 |       |     7 |     4 ||    13
 Stab: Sleeping          |     3 |     8 |     3 |     1 |       ||    15
       Held in net/web   |       |       |     3 |       |       ||     3
       Distracted        |       |       |       |       |     1 ||     1
Armor: Robe              |    43 |    33 |    36 |       |       ||   112
       Acid dragon scale |       |       |    41 |     6 |       ||    47
       Steam dragon scal |       |       |       |   145 |       ||   145
       Shadow dragon sca |       |       |       |    24 |   104 ||   128
Dodge: Dodged            |    59 |    53 |    77 |   184 |    65 ||   438
       Repelled          |       |       |       |     4 |     4 ||     8

Table legend: (Time is in decaauts)
 A = Elapsed time spent in this place.
 B = Non-inter-level travel time spent in this place.
 C = Inter-level travel time spent in this place.
 D = Time resting spent in this place.
 E = Time spent auto-exploring this place.
 F = Levels seen in this place.
 G = Mean time per level.
                   A        B        C        D        E       F      G
               +--------+--------+--------+--------+--------+-----+--------+
         Total |  13185 |  12838 |    347 |   1123 |   8584 |  17 |  775.6 |
       Dungeon |  12261 |  11914 |    347 |   1023 |   8221 |  13 |  943.2 |
        Temple |    148 |    148 |      0 |      0 |     82 |   1 |  148.0 |
         Sewer |    357 |    357 |      0 |      0 |    193 |   1 |  357.0 |
       Ossuary |    406 |    406 |      0 |    100 |     87 |   1 |  406.0 |
        Bailey |     11 |     11 |      0 |      0 |      0 |   1 |   11.0 |
               +--------+--------+--------+--------+--------+-----+--------+

Top non-repeatable levels by time:
    D:11: 2707 daAuts
     D:8: 1174 daAuts
    D:12: 1047 daAuts
     D:1: 927 daAuts
     D:6: 857 daAuts
     D:5: 844 daAuts
    D:13: 823 daAuts
    D:10: 803 daAuts
     D:4: 746 daAuts
     D:3: 739 daAuts
     D:2: 692 daAuts
     D:7: 506 daAuts
 Ossuary: 406 daAuts
     D:9: 390 daAuts
   Sewer: 357 daAuts
